General information
- name: BNet
- type: Ladder 1vs1/FFA
- host: Battle.net
- saver: CTperial
map: TidewaterGlades
- players: 2
- length: 08:35
- speed: Fast
- version: 1.26 W3XP
- replay type: Public
» download(23 KB)
Players
team 1 (loser)

»
eagleman. (
green | 22 APM | 193 actions | 08:35)
1 Goblin Tinker
1 Pocket Factory
» actions
| Build / train | 21 | |
| Enter build submenu | 12 | |
| Enter hero's abilities submenu | 1 | |
| Right click | 61 | |
| Select / deselect | 88 | |
| Use ability | 10 | |
193 total
» units
» upgrades
» buildings
| Barracks | 2 | |
| Farm | 6 | |
| Altar of Kings | 1 | |
9 total
» build order
00:10 Barracks
00:31 Farm
01:07 Farm
01:20 Barracks
02:03 Farm
02:34 Altar of Kings
02:49 Farm
03:40 Farm
04:17 Farm
team 2 (winner)
CTperial (
pink | 69 APM | 593 actions | 08:35)
4 Archmage
2 Blizzard
2 Brilliance Aura
» actions
| Assign group hotkey | 17 | |
| Basic commands | 22 | |
| Build / train | 36 | |
| ESC pressed | 2 | |
| Enter build submenu | 17 | |
| Enter hero's abilities submenu | 4 | |
| Right click | 266 | |
| Select / deselect | 143 | |
| Select group hotkey | 33 | |
| Use ability | 53 | |
593 total
» units
» buildings
| Altar of Kings | 2 | |
| Farm | 3 | |
| Arcane Vault | 1 | |
| Scout Tower | 7 | |
| Lumber Mill | 1 | |
| Arcane Tower | 4 | |
| Keep | 1 | |
| Guard Tower | 2 | |
| Blacksmith | 1 | |
| Town Hall | 1 | |
| Castle | 1 | |
24 total
» build order
00:06 Altar of Kings
00:08 Altar of Kings
00:13 Farm
00:27 Farm
00:51 Arcane Vault
01:26 Scout Tower
01:40 Lumber Mill
02:06 Arcane Tower
02:23 Farm
02:30 Scout Tower
02:59 Arcane Tower
03:46 Keep
04:00 Scout Tower
04:01 Scout Tower
04:11 Scout Tower
04:33 Guard Tower
04:36 Scout Tower
05:23 Arcane Tower
05:24 Scout Tower
05:29 Guard Tower
05:31 Blacksmith
06:49 Town Hall
06:50 Arcane Tower
07:17 Castle
» items
| Scroll of Regeneration | 4 | |
| Lesser Clarity Potion | 1 | |
| Boots of Speed | 1 | |
| Staff of Teleportation | 1 | |
| Potion of Healing | 1 | |
8 total
Chat log
(06:02 / All) eagleman.: 3
(06:16 / All) CTperial: ?
(06:17 / All) eagleman.: nice rush
(06:19 / All) CTperial: rofl
(06:22 / All) CTperial: youre the one that rushed
(06:26 / All) CTperial: and failed
(06:28 / All) eagleman.: you did too
(06:32 / All) CTperial: no i didnt
(06:33 / All) CTperial: lol
(06:36 / All) CTperial: i didnt even have a barracks
(06:42 / All) CTperial: fucking retard lol
(06:47 / All) eagleman.: lol you used your arcane vault to rush
(06:52 / All) CTperial: huh
(06:58 / All) CTperial: have you even played this game before
(07:00 / All) eagleman.: but i dont usually use humans
(07:12 / All) CTperial: yeah you seem more like a cookie cutter attack move undead player
(07:16 / All) CTperial: human takes intellect
(07:20 / All) eagleman.: lol im level 14. youre 7
(07:23 / All) CTperial: LOL level
(07:27 / All) eagleman.: youre a retard
(07:29 / All) CTperial: look at you youre useless
(07:36 / All) CTperial: you think player level matters?
(07:37 / All) CTperial: lol
(07:44 / All) eagleman.: lol because i usually use undead moron
(07:51 / All) CTperial: i know youre a cookie cutter undead player
(07:55 / All) CTperial: MASS FIENDS CANT LOSE OMG
(08:05 / All) CTperial: rofl
(08:19 / All) eagleman.: lol a noob cant beat mass fiends
(08:25 / All) eagleman.: like yourself
(08:29 / All) CTperial: youre calling yourself a noob?